 Dungeon Crawl Stone Soup version 0.31-a0-128-g25add195a6 (webtiles) character file.

Game seed: 266839435719492916

59367 tilp the Unseen (level 14, 0/115 HPs)
             Began as a Vampire Enchanter on June 2, 2023.
             Was a High Priest of Wu Jian.
             Slain by a red devil
             ... wielding a +0 demon trident
             ... summoned by an orc sorcerer
             ... led by an orc warlord
              (10 damage)
             ... on level 2 of the Orcish Mines.
             The game lasted 00:41:41 (19791 turns).

tilp the Unseen (Vampire Enchanter)                Turns: 19791, Time: 00:41:42

Health: 0/115      AC: 18    Str:  7    XL:     14   Next: 52%
Magic:  9/27       EV: 15    Int: 28    God:    Wu Jian [*****.]
Gold:   1312       SH:  8    Dex: 15    Spells: 17/31 levels left

rFire   . . .        a - +4 dagger (elec)
rCold   + + +        K - +0 buckler
rNeg    . . .        Q - +4 skin of Zhor {*Englaciate rC+++ SInv}
rPois   +            C - +2 helmet {SInv}
rElec   +            D - +2 cloak
rCorr   .            n - +2 pair of gloves
SInv    +            b - +1 pair of boots
Will    +....        t - amulet of reflection
Stlth   ++++++       w - ring of poison resistance
HPRegen 0.59/turn    v - ring "Biuth" {Wiz rElec Int+6}
MPRegen 0.20/turn

%: reflection, wizardry (x1)
@: healing quickly
A: alive, fangs 3, see invisible, vampiric 2
a: Exsanguinate, Renounce Religion, Wall Jump, Serpent's Lash, Heavenly Storm


You were on level 2 of the Orcish Mines.
You worshipped Wu Jian.
Wu Jian was extremely pleased with you.
You visited 4 branches of the dungeon, and saw 19 of its levels.
You also visited: Sewer.

You collected 1522 gold pieces.
You spent 210 gold pieces at shops.

Inventory:

Hand Weapons
 a - a +4 dagger of electrocution (weapon)
 y - a +2 scimitar of flaming
 W - a +1 vampiric dagger
Missiles
 d - 13 boomerangs
 q - 20 poisoned darts (quivered)
 E - 4 boomerangs of dispersal
 L - 5 curare-tipped darts
 M - 4 silver boomerangs
Armour
 b - a +1 pair of boots (worn)
 n - a +2 pair of gloves (worn)
 C - a +2 helmet of see invisible (worn)
 D - a +2 cloak (worn)
 K - a +0 buckler (worn)
 P - the +2 leather armour of Fommeyna {rPois Str+2 Dex+4}
   (You found it on level 4 of the Lair of Beasts)

   Str:       It affects your strength (+2).
   Dex:       It affects your dexterity (+4).
   rPois:     It protects you from poison.
 Q - the +4 skin of Zhor (worn) {*Englaciate rC+++ SInv}
   (You found it on level 11 of the Dungeon)

   *Englaciate: It radiates cold, occasionally slowing all nearby creatures who
   are not resistant to cold.
   rC:        It renders you almost immune to cold.
   SInv:      It lets you see invisible.
Jewellery
 f - a ring of magical power
 k - a ring of ice
 m - a ring of positive energy
 t - an amulet of reflection (around neck)
 v - the ring "Biuth" (right hand) {Wiz rElec Int+6}
   (You found it on level 4 of the Lair of Beasts)

   [ring of wizardry]

   It improves your spell success rate.
   Int:       It affects your intelligence (+6).
   rElec:     It insulates you from electricity.
 w - a ring of poison resistance (left hand)
 G - a ring of protection from cold
 J - the amulet "Zuycyuw" {Acrobat rPois rC+++ Int-5 Dex-4}
   (You found it on level 5 of the Lair of Beasts)

   [amulet of the acrobat]

   It increases your evasion while moving and waiting.
   Int:       It affects your intelligence (-5).
   Dex:       It affects your dexterity (-4).
   rC:        It renders you almost immune to cold.
   rPois:     It protects you from poison.
 V - a ring of resist corrosion
Wands
 e - a wand of flame (45)
 F - a wand of digging (4)
 H - a wand of roots (15)
 I - a wand of mindburst (8)
 O - a wand of quicksilver (5)
 Z - a wand of paralysis (10)
Scrolls
 g - a scroll of vulnerability {unknown}
 s - 2 scrolls of blinking
 x - 2 scrolls of fog {unknown}
 z - a scroll of torment {unknown}
 N - a scroll of magic mapping
 R - 2 scrolls of teleportation
 T - a scroll of acquirement
 U - a scroll of amnesia
 Y - 3 scrolls of poison
Potions
 c - 3 potions of invisibility
 h - 5 potions of lignification
 i - 5 potions of brilliance
 j - 4 potions of haste
 l - 2 potions of mutation
 o - 2 potions of enlightenment
 p - 2 potions of heal wounds
 r - 2 potions of might
 u - 2 potions of resistance {unknown}
 A - 8 potions of curing
 B - 4 potions of attraction
 X - a potion of ambrosia


   Skills:
 - Level 12.0 Fighting
 - Level 10.0 Short Blades
 - Level 5.0 Armour
 - Level 8.0 Dodging
 - Level 15.0 Stealth
 - Level 9.0 Spellcasting
 - Level 4.0 Conjurations
 - Level 12.0 Hexes
 - Level 4.0 Ice Magic
 + Level 7.7 Evocations


You had 17 spell levels left.
You knew the following spells:

 Your Spells              Type           Power      Damage    Failure   Level
a - Ensorcelled Hibernat  Hex/Ice        100%       N/A       1%          2
b - Confusing Touch       Hex            68%        N/A       1%          3
c - Tukima's Dance        Hex            68%        N/A       1%          3
d - Dazzling Flash        Conj/Hex       100%       N/A       1%          3
e - Ozocubu's Armour      Ice            35%        N/A       1%          3

Your spell library contained the following spells:

 Spells                   Type           Power      Damage    Failure   Level
 Static Discharge         Conj/Air       46%        2-4/arc   1%          2
 Summon Guardian Golem    Hex/Summ       46%        N/A       1%          3
 Apportation              Tloc           24%        N/A       3%          1
 Necrotise                Necr           48%        1d6       3%          1
 Sandblast                Erth           24%        2d8       3%          1
 Summon Small Mammal      Summ           48%        N/A       3%          1
 Metabolic Englaciation   Hex/Ice        27%        N/A       3%          5
 Cigotuvi's Dreadful Rot  Necr/Pois/Air  24%        N/A       4%          2
 Passwall                 Tmut/Erth      10%        N/A       4%          2
 Sublimation of Blood     Necr           12%        N/A       4%          2
 Stone Arrow              Conj/Erth      46%        3d9       4%          3
 Silence                  Hex/Air        23%        N/A       7%          5
 Vhi's Electric Charge    Tloc/Air       24%        N/A       9%          3
 Airstrike                Air            6%         2d(1-17)  28%         4
 Dispel Undead            Necr           12%        3d9       28%         4
 Passage of Golubria      Tloc           12%        N/A       28%         4
 Petrify                  Tmut/Erth      12%        N/A       28%         4
 Summon Lightning Spire   Summ/Air       12%        N/A       28%         4
 Arcjolt                  Conj/Air       11%        1d21      32%         5
 Irradiate                Conj/Tmut      11%        3d15      32%         5
 Simulacrum               Ice/Necr       11%        N/A       86%         6
 Death Channel            Necr           6%         N/A       98%         6
 Orb of Destruction       Conj           17%        9d7       99%         7
 Spellforged Servitor     Conj/Summ      11%        N/A       100%        7
 Lehudib's Crystal Spear  Conj/Erth      11%        10d4      100%        8
 Maxwell's Capacitive Co  Air            6%         ∞         100%        8


Dungeon Overview and Level Annotations

Branches:
Dungeon (11/15)            Temple (1/1) D:7            Lair (5/5) D:11
 Shoals (0/4) Lair:2       Spider (0/4) Lair:2          Orc (2/2) D:9
    Elf (0/3) Orc:2         Sewer (visited)
  Slime: Lair:4-5

Altars:
Ashenzari
Cheibriados
Dithmenos
Fedhas
Gozag
Hepliaklqana
Kikubaaqudgha
Makhleb
Nemelex Xobeh
Okawaru
Qazlal
Ru
Sif Muna
Trog
Uskayaw
Vehumet
Wu Jian
Xom
Yredelemnul
Jiyva

Shops:
D:3 [   D:10 (   D:11 [   Orc:2 :

Annotations:
Lair:4 exclusion: oklob plant


Innate Abilities, Weirdness & Mutations

Your natural rate of healing is accelerated.
You have razor-sharp teeth.
You have supernaturally acute eyesight. (SInv)
You are afflicted with vampirism and can become a bat while bloodless.


Message History

Confirm with . or Enter, or press ? or * to list all spells.
Aiming: Ensorcelled Hibernation (safe; 1% risk of failure)
Press: ? - help, Shift-Dir - straight line, f - orc priest
Aim: an orc priest, wielding a +0 whip (blind, slow, chance to affect: 71%)
Okay, then.
You feel much better.
The ogre is no longer moving slowly.
The red devil barely misses you. You block the orc warrior's attack.
You block the red devil's attack. You block the orc's attack.
The ogre closely misses you.
Unknown command.
Unknown command.
Unknown command.
You hit the ogre. Lightning courses through the ogre!
You kill the ogre!
The Council accepts your kill.
The red devil is no longer moving slowly.
Unknown command.
You miss the orc sorcerer.
The orc priest is no longer moving slowly.
The orc sorcerer is no longer moving slowly.
The orc warrior is no longer moving slowly.
The orc priest misses you.
The orc wizard points at you and mumbles some strange words.
You resist with almost no effort. The orc sorcerer completely misses you.
You block the red devil's attack. The red devil barely misses you.
Casting: Ensorcelled Hibernation (safe; 1% risk of failure)
Confirm with . or Enter, or press ? or * to list all spells.
Aiming: Ensorcelled Hibernation (safe; 1% risk of failure)
Press: ? - help, Shift-Dir - straight line, f - orc sorcerer
Aim: an orc sorcerer, wielding a +0 dagger of speed and wearing a +0 robe (chance to affect: 54%)
The orc sorcerer resists with significant effort.
The red devil is no longer blind.
The orc is no longer blind. x2
You block the orc warrior's attack.
The orc sorcerer points at you and mumbles some strange words.
The bolt of fire hits you!!
* * * LOW HITPOINT WARNING * * *
The orc hits you but does no damage. The orc priest misses you.
The red devil hits you but does no damage.
The red devil hits you from afar with a +0 demon trident!
You die...

##..$.....##........,,,,,,,,,,
#*#.....................,,,,,,,,
**.##.....................,,,,,,,
*,,..$....................,,,,,,,
**,*#.#.##................,,,,,,,
*###....#................,,,,,*,
##...$...........4.......*,,,,,,
*#....))........ooo.$.....,,,,,,,
##.)#......####.@)4o....$.,,,,,,,
#..))#))####,,###ooo......,,*,*,*
...).)###**,,,,,###.).....**,,,,,
#.##..# *,,,,,,,,,*#......,*,,*,*
..##.##**,,,,,,,,,,*#.....,,,,,,,
.....# *∩,,,,,,,,,,,,.....,,,,,,,
.....#***,,,,,,,,,,**o....,,,,,,,
#.....# *,,,,,,,,***,,,...,*,,,,,
##^...#*****,,*****,,,,...,,,,,*,


You could see an orc sorcerer, 2 red devils, 2 orc warriors, an orc priest
(blind), an orc wizard (invisible, blind, slow) and 2 orcs.

Vanquished Creatures
  Gastronok (Lair:1)
  An orc warlord (Orc:2)
  Fannar (Orc:1)
  4 hydras
  3 catoblepae (Lair:5)
  Erica (D:8)
  2 boulder beetles
  15 death yaks
  2 two-headed ogres (D:8)
  Sonja (D:10)
  A fire crab (Lair:4)
  3 manticores
  2 cyclopes (D:11)
  20 elephants
  2 black mambas
  Maurice (Orc:1)
  A water nymph (Lair:2)
  A torpor snail (Lair:4)
  3 rime drakes
  10 cane toads
  Maggie (D:8)
  An unseen horror (D:10)
  5 komodo dragons
  5 trolls
  3 polar bears
  A hornet (D:8)
  19 blink frogs
  3 jumping spiders (Lair:2)
  3 wraiths
  6 wyverns
  2 culicivoras (Lair:2)
  42 yaks
  Eustachio (D:5)
  7 basilisks
  5 redbacks (Lair:2)
  2 wargs (Orc:1)
  An acid dragon (D:9)
  15 water moccasins
  Pargi (Sewer)
  10 orc warriors
  4 black bears
  3 ice beasts
  8 ogres
  A sky beast (D:8)
  10 wolves
  2 centaurs
  3 kobold brigands
  9 bullfrogs
  2 gnoll sergeants (D:9)
  A scorpion (D:4)
  6 wights
  20 killer bees
  An electric eel (Lair:2)
  A lava snake (D:9)
  3 hounds
  3 jellies
  13 orc priests
  2 sleepcaps
  A gnoll bouda (Orc:2)
  4 iguanas
  17 orc wizards
  6 hell rats (Lair:5)
  9 gnolls
  5 adders
  3 white imps (D:6)
  An ufetubus (D:7)
  2 dart slugs
  3 worms
  47 orcs
  5 ball pythons
  10 endoplasms
  2 giant cockroaches (D:2)
  6 goblins
  6 hobgoblins
  3 jackals (D:4)
  7 quokkas
  12 bats
  2 frilled lizards (D:3)
  7 kobolds
  7 rats
465 creatures vanquished.

Vanquished Creatures (collateral kills)
  An orc warrior (D:9)
  4 wights
  An orc (D:9)
6 creatures vanquished.

Vanquished Creatures (others)
  A dancing weapon (Orc:2)
1 creature vanquished.

Grand Total: 472 creatures vanquished

Notes
Turn   | Place    | Note
-------+----------+-------------------------------------------
     0 | D:1      | tilp the Vampire Enchanter began the quest for the Orb.
     0 | D:1      | Reached XP level 1. HP: 13/13 MP: 3/3
   147 | D:1      | Reached XP level 2. HP: 18/20 MP: 5/5
   150 | D:1      | Learned a level 2 spell: Ensorcelled Hibernation
   429 | D:1      | Reached skill level 1 in Fighting
   687 | D:2      | Gained mutation: You are afflicted with vampirism and can
                  | become a bat while bloodless. [Vampire growth]
   687 | D:2      | Reached XP level 3. HP: 25/26 MP: 6/6
  1204 | D:2      | Learned a level 3 spell: Confusing Touch
  1277 | D:3      | Found a glowing drain.
  1322 | Sewer    | Entered a sewer
  1396 | Sewer    | Noticed Pargi
  1428 | Sewer    | Killed Pargi
  1429 | Sewer    | Reached skill level 5 in Stealth
  1429 | Sewer    | Reached skill level 5 in Hexes
  1429 | Sewer    | Reached XP level 4. HP: 13/33 MP: 2/8
  1429 | Sewer    | Reached XP level 5. HP: 15/38 MP: 2/9
  1929 | D:3      | Found a faded altar of an unknown god.
  2264 | D:3      | Found Syroev's Antique Armour Shop.
  2556 | D:3      | Learned a level 3 spell: Tukima's Dance
  3127 | D:4      | Found a shimmering altar of Xom.
  3337 | D:5      | Entered Level 5 of the Dungeon
  3337 | D:5      | Noticed Eustachio
  3555 | D:5      | Reached XP level 6. HP: 45/45 MP: 6/10
  3603 | D:5      | Noticed an ice beast
  3638 | D:5      | Killed an ice beast
  3932 | D:5      | Killed Eustachio
  3933 | D:5      | Reached skill level 1 in Evocations
  3933 | D:5      | Reached XP level 7. HP: 50/51 MP: 9/12
  4399 | D:3      | Bought a shiny helmet for 210 gold pieces
  4654 | D:6      | Reached skill level 6 in Stealth
  4728 | D:6      | Found a basalt altar of Yredelemnul.
  4944 | D:6      | Reached XP level 8. HP: 59/59 MP: 9/14
  5021 | D:6      | Learned a level 3 spell: Dazzling Flash
  5609 | D:7      | Found a blossoming altar of Fedhas.
  5619 | D:7      | Found a staircase to the Ecumenical Temple.
  5627 | Temple   | Entered the Ecumenical Temple
  5673 | Temple   | Became a worshipper of the Wu Jian Council
  5688 | D:7      | Reached skill level 5 in Short Blades
  5775 | D:7      | Reached skill level 7 in Stealth
  5879 | D:7      | Found a shimmering blue altar of Sif Muna.
  5898 | D:7      | Reached skill level 5 in Spellcasting
  5912 | D:7      | Found a sparkling altar of Nemelex Xobeh.
  5955 | D:7      | You fall into a shaft and drop 2 floors!
  6005 | D:8      | Noticed Maggie
  6011 | D:8      | Noticed a two-headed ogre
  6013 | D:8      | Killed Maggie
  6048 | D:8      | Killed a two-headed ogre
  6049 | D:8      | Reached skill level 5 in Fighting
  6049 | D:8      | Reached skill level 8 in Stealth
  6049 | D:8      | Reached XP level 9. HP: 68/68 MP: 2/16
  6188 | D:8      | Noticed Erica
  6198 | D:8      | Killed Erica
  6457 | D:8      | Reached skill level 9 in Stealth
  6473 | D:8      | Reached skill level 10 in Stealth
  6478 | D:8      | Reached * piety under Wu Jian
  6604 | D:8      | Noticed a two-headed ogre
  7046 | D:7      | Found a hide-covered altar of Uskayaw.
  7647 | D:8      | Reached XP level 10. HP: 73/76 MP: 8/17
  7762 | D:8      | Reached skill level 1 in Armour
  7873 | D:8      | Found a radiant altar of Vehumet.
  7878 | D:8      | Killed a two-headed ogre
  7879 | D:8      | Reached skill level 1 in Conjurations
  7879 | D:8      | Reached skill level 1 in Ice Magic
  8699 | D:9      | Found a staircase to the Orcish Mines.
  8915 | D:9      | Reached ** piety under Wu Jian
  9494 | D:9      | Reached XP level 11. HP: 84/84 MP: 6/20
  9871 | D:10     | Entered Level 10 of the Dungeon
  9892 | D:10     | Found an iron altar of Okawaru.
  9943 | D:10     | Reached skill level 5 in Dodging
 10128 | D:10     | Found Tytzeuts's Weapon Shop.
 10286 | D:10     | Noticed Sonja
 10350 | D:10     | Killed Sonja
 10850 | D:11     | Found Isiesoz's Antique Armour Shop.
 10862 | D:11     | Reached skill level 11 in Stealth
 10863 | D:11     | Reached *** piety under Wu Jian
 10998 | D:11     | Identified the +0 robe "Gaun" {rN+}
 11045 | D:11     | Found the +4 skin of Zhor {*Englaciate rC+++ SInv}
 11236 | D:11     | Noticed a boulder beetle
 11305 | D:11     | Killed a boulder beetle
 11432 | D:11     | Found a staircase to the Lair.
 11565 | D:11     | Identified a scroll of acquirement
 11722 | Lair:1   | Entered Level 1 of the Lair of Beasts
 11791 | Lair:1   | Reached skill level 10 in Short Blades
 11798 | Lair:1   | Reached XP level 12. HP: 86/92 MP: 0/22
 12138 | Lair:1   | Noticed Gastronok
 12163 | Lair:1   | Killed Gastronok
 12164 | Lair:1   | Reached skill level 5 in Armour
 12164 | Lair:1   | Reached skill level 10 in Hexes
 12544 | Lair:1   | Reached skill level 12 in Stealth
 13163 | Lair:2   | Reached **** piety under Wu Jian
 13191 | Lair:2   | Reached skill level 10 in Fighting
 13549 | Lair:2   | Noticed an eight-headed hydra
 13558 | Lair:2   | Killed an eight-headed hydra
 13751 | Lair:2   | Noticed a boulder beetle
 13763 | Lair:2   | Killed a boulder beetle
 14308 | Lair:2   | Found a hole to the Spider Nest.
 14619 | Lair:3   | Reached XP level 13. HP: 104/104 MP: 8/24
 15192 | Lair:3   | Reached ***** piety under Wu Jian
 15482 | Lair:4   | Identified the +2 leather armour of Fommeyna {rPois Str+2
                  | Dex+4}
 15501 | Lair:4   | Found a viscous altar of Jiyva.
 15746 | Lair:4   | Reached skill level 5 in Evocations
 15961 | Lair:4   | Reached skill level 13 in Stealth
 16133 | Lair:4   | Identified the +2 scale mail of Wasted Space {rElec Str-3
                  | Dex+4 Slay+5}
 16287 | Lair:4   | Identified the ring "Biuth" {Wiz rElec Int+6}
 16467 | Lair:4   | Learned a level 3 spell: Ozocubu's Armour
 16661 | Lair:5   | Entered Level 5 of the Lair of Beasts
 17673 | Lair:4   | Reached XP level 14. HP: 113/113 MP: 26/26
 18133 | Lair:5   | Reached skill level 14 in Stealth
 19076 | Lair:5   | Identified the amulet "Zuycyuw" {Acrobat rPois rC+++ Int-5
                  | Dex-4}
 19321 | Orc:1    | Entered Level 1 of the Orcish Mines
 19395 | Orc:1    | Noticed Fannar
 19432 | Orc:1    | Killed Fannar
 19433 | Orc:1    | Reached skill level 15 in Stealth
 19461 | Orc:1    | Noticed Maurice
 19467 | Orc:1    | Killed Maurice
 19646 | Orc:2    | Entered Level 2 of the Orcish Mines
 19646 | Orc:2    | Found Ryostrose's Book Shoppe.
 19763 | Orc:2    | Noticed an orc warlord
 19786 | Orc:2    | Killed an orc warlord
 19791 | Orc:2    | Slain by a red devil

Illustrated notes

Levels and vault maps discovered:
D:1:      heliophobic_arrival_henge, layout_rooms, minmay_cut_off
D:2:      layout_loops_ring
D:3:      layout_loops_corners, cheibrodos_sewer_entry_drain, serial_shops,
          shop, chequers_ecumenical_altar_twisty
D:4:      layout_cave_pools, nicolae_overflow_crystal_walls,
          serial_column_ruins, column_ruins_square_medium, column_ruins_grid_5,
          column_ruins_open_small, column_ruins_grid_3, column_ruins_open_small,
          column_ruins_open_tiny
D:5:      layout_cave_pools, mainiacjoe_overflow_chevrons,
          nicolae_tso_carved_into_rock, uniq_eustachio
D:6:      layout_loops_ring, old_standard_altar,
          nicolae_concentric_dashed_squares_mild
D:7:      layout_loops_cross, nicolae_uskayaw_dance_studio,
          mainiacjoe_overflow_small_starburst,
          mainiacjoe_overflow_catch_the_wave, minmay_temple_entry_proselytizer,
          st_stairs_13
D:8:      layout_basic, vehumet_crystals, uniq_erica, uniq_maggie
D:9:      layout_stronghold, kennysheep_orc_monster_closet_entryway,
          roderic_lattice_a, kennysheep_potato
D:10:     layout_rooms, amcnicky_altar_gilded, serial_shops,
          nicolae_shop_rolling_square, grunt_ministairs_13, serial_bayou_pond_c,
          uniq_sonja
D:11:     layout_roguey, david_lair_generic, serial_shops, shop
Temple:   nicolae_temple_ecumenical_triangle
Lair:1:   layout_chaotic_city, uniq_gastronok
Lair:2:   layout_regular_city, nicolae_shoals_entry_flooding,
          nicolae_spider_entry_tight_spaces, nicolae_quartered_pool_medium,
          pdpol_lair_cavern_descent
Lair:3:   layout_hall_layers, beast_lair_carwin_5
Lair:4:   layout_roguey, minmay_slime_entry_oklob_enclosed,
          dreamdust_mushroom_princess, hangedman_lair_generics_rect
Lair:5:   evilmike_catoblepas_cave, layout_big_grid, wad_woods_road_03,
          lemuel_fruit_fields
Orc:1:    layout_caves, uniq_maurice, uniq_fannar
Orc:2:    st_orc_open, layout_caves, nicolae_volcano_entry_batcave,
          serial_shops, nicolae_shop_hallway_stairs

Skill      XL: |  1  2  3  4  5  6  7  8  9 10 11 12 13 14 |
---------------+-------------------------------------------+-----
Fighting       | 1 2 3 5 6 7 8 10 11 12 | 12.0
Short Blades   | 2 3 4 6 8 9 10 | 10.0
Stealth        | 5 6 8 10 11 12 13 15 | 15.0
Hexes          | 5 6 7 8 9 10 11 12 | 12.0
Dodging        | 3 4 5 6 7 8 |  8.0
Spellcasting   | 3 4 5 6 7 8 9 |  9.0
Evocations     | 1 2 4 5 7 |  7.7
Armour         | 2 4 5 |  5.0
Conjurations   | 2 3 4 |  4.0
Ice Magic      | 2 3 4 |  4.0

Action                     |  1- 3 |  4- 6 |  7- 9 | 10-12 | 13-15 || total
---------------------------+-------+-------+-------+-------+-------++-------
  Melee: Dagger            |   117 |    90 |   202 |   479 |   601 ||  1489
         Bite              |    10 |     5 |    24 |    50 |   126 ||   215
         Punch             |     2 |     4 |     5 |       |       ||    11
  Throw: Dart              |     4 |     3 |       |     2 |     3 ||    12
   Cast: Ensorcelled Hiber |     9 |    41 |    73 |   152 |    97 ||   372
         Confusing Touch   |       |     2 |    11 |    22 |    46 ||    81
         Tukima's Dance    |       |       |     2 |    11 |     1 ||    14
         Dazzling Flash    |       |       |       |    10 |    10 ||    20
         Ozocubu's Armour  |       |       |       |       |     1 ||     1
 Invoke: Heavenly Storm    |       |       |       |       |     1 ||     1
Ability: Lunge             |       |       |     9 |    62 |    44 ||   115
         Whirlwind         |       |       |       |     9 |    17 ||    26
  Evoke: Wand              |       |     1 |       |     2 |     7 ||    10
    Use: Scroll            |     6 |     6 |     7 |    10 |     3 ||    32
         Potion            |     1 |       |     2 |       |     2 ||     5
   Stab: Sleeping          |    24 |    26 |    44 |   126 |    77 ||   297
         Invisible         |     2 |       |       |     8 |    11 ||    21
         Confused          |       |     3 |     8 |    22 |    44 ||    77
 Armour: Robe              |    33 |    33 |       |       |       ||    66
         Leather armour    |       |       |    60 |    40 |       ||   100
         Animal skin       |       |       |       |    65 |    97 ||   162
  Dodge: Dodged            |    93 |    63 |   109 |   159 |   197 ||   621
  Block: Other             |       |    13 |    35 |    14 |       ||    62
         Buckler           |       |       |       |    96 |   137 ||   233
         Reflection        |       |       |       |       |     1 ||     1

Table legend: (Time is in decaauts)
 A = Elapsed time spent in this place.
 B = Non-inter-level travel time spent in this place.
 C = Inter-level travel time spent in this place.
 D = Time resting spent in this place.
 E = Time spent auto-exploring this place.
 F = Levels seen in this place.
 G = Mean time per level.
                   A        B        C        D        E       F      G
               +--------+--------+--------+--------+--------+-----+--------+
         Total |  19388 |  18586 |    802 |   2313 |  12497 |  20 |  969.4 |
       Dungeon |  11435 |  10939 |    496 |   1227 |   7714 |  11 | 1039.5 |
        Temple |     51 |     46 |      5 |      0 |     27 |   1 |   51.0 |
          Lair |   7264 |   6971 |    293 |   1086 |   4398 |   5 | 1452.8 |
  Orcish Mines |    418 |    411 |      7 |      0 |    216 |   2 |  209.0 |
         Sewer |    218 |    218 |      0 |      0 |    142 |   1 |  218.0 |
               +--------+--------+--------+--------+--------+-----+--------+

Top non-repeatable levels by time:
  Lair:5: 2024 daAuts
  Lair:4: 1661 daAuts
  Lair:2: 1597 daAuts
     D:8: 1562 daAuts
     D:9: 1376 daAuts
     D:7: 1254 daAuts
  Lair:1: 1235 daAuts
     D:3: 1149 daAuts
     D:6: 1124 daAuts
     D:4: 1079 daAuts
    D:10: 955 daAuts
    D:11: 948 daAuts
  Lair:3: 745 daAuts
     D:5: 726 daAuts
     D:1: 651 daAuts
